 Dungeon Crawl Stone Soup version 0.25.0-8-gfd19cd77bd (webtiles) character file.

Game seed: 9742157170682873148

26 DeadF the Sneak (level 2, 0/11 HPs)
             Began as a Felid Enchanter on June 16, 2020.
             Killed from afar by Natasha (11 damage)
             ... with a magic dart
             ... on level 2 of the Dungeon.
             The game lasted 00:01:19 (1610 turns).

DeadF the Sneak (Felid Enchanter)                   Turns: 1610, Time: 00:01:19

Health: 0/11       AC:  1    Str:  4    XL:     2   Next: 89%
Magic:  6/6        EV: 19    Int: 16    God:
Gold:   85         SH:  0    Dex: 16    Spells: 2/5 levels left
                                        Lives:  0   Deaths: 0

rFire    . . .     SeeInvis +     - Unarmed
rCold    . . .     Gourm    .   (shield unavailable)
rNeg     . . .     Faith    .   (armour unavailable)
rPois    .         Spirit   .   (helmet unavailable)
rElec    .         Reflect  .   (cloak unavailable)
rCorr    .         Harm     .   (gloves unavailable)
MR       .....                  (boots unavailable)
Stlth    +++.......             (no amulet)
HPRegen  0.03/turn              (no ring)
MPRegen  0.10/turn              (no ring)

@: quick
A: very small, no armour, no weapons or thrown items, stealth, claws 1, fangs 3,
see invisible, carnivore, speed 1, shaggy fur 1, slow metabolism 1, sharp paws
a: no special abilities


You were on level 2 of the Dungeon.
You were very full.

You visited 1 branch of the dungeon, and saw 2 of its levels.

You collected 85 gold pieces.

Inventory:

Jewellery
 h - a +6 ring of intelligence {unknown}
Scrolls
 a - a scroll of amnesia {unknown}
 d - a scroll of identify {unknown}
 e - a scroll of magic mapping {unknown}
 i - a scroll of enchant weapon {unknown}
 j - a scroll of teleportation {unknown}
Potions
 c - a potion of invisibility {unknown}
 g - 2 potions of brilliance {unknown}
Comestibles
 b - 4 rations


   Skills:
 + Level 3.8 Dodging
 + Level 5.0 Stealth
 - Level 1.0 Unarmed Combat
 - Level 2.0 Spellcasting
 - Level 4.4 Hexes


You had 2 spell levels left.
You knew the following spells:

 Your Spells              Type           Power        Failure   Level  Hunger
a - Corona                Hex            ###....      3%          1    #......
b - Ensorcelled Hibernat  Hex/Ice        #.....       13%         2    ###....

Your spell library contained the following spells:

 Spells                   Type           Power        Failure   Level  Hunger
 Confusing Touch          Hex            ###.....     11%         3    ###....
 Tukima's Dance           Hex            ###.....     11%         3    ###....
 Dazzling Flash           Conj/Hex       #.....       26%         3    ###....


Dungeon Overview and Level Annotations

Branches:
Dungeon (2/15)

Altars:

Annotations:
D:2 Natasha


Innate Abilities, Weirdness & Mutations

You cannot wear armour.
You are incapable of wielding weapons or throwing items.
Your paws allow you to move quietly. (Stealth)
You have sharp claws.
You have razor-sharp teeth.
You have supernaturally acute eyesight. (SInv)
You are carnivorous and can eat meat at any time.
You cover ground quickly.
You are covered in fur. (AC +1)
You have a slow metabolism.
Your sharp claws are effective at attacking unaware monsters.


Message History

You completely miss Natasha. You bite Natasha.
Natasha is lightly wounded.
Natasha misses you.
You scratch Natasha.
Natasha is lightly wounded.
Natasha misses you.
You closely miss Natasha.
Natasha is lightly wounded.
Natasha mumbles some strange words.
You scratch Natasha.
Natasha is moderately wounded.
Natasha misses you.
The white imp lashes its tail.
The white imp completely misses you.
You scratch Natasha. Your bite misses Natasha.
Natasha is moderately wounded.
Natasha casts a spell at you. The magic dart hits you!
Ouch! That really hurt!
You die...

..# # #. ...#.# ##.#
...#.#### ....> #+#
#.......#
##.#.##.###..#..#.#
###..................
.....................
................K.#
#.##.##.###@.##$.#
#....##.# #h5#
#....##.# #..#
#.......# #..#
####.#### #...
#.######..##
#.........#
#.......... #........


You could see Natasha, a white imp (summoned) and a kobold (asleep).

Vanquished Creatures
  A dart slug (D:1)
  2 bats (D:1)
  A giant cockroach (D:1)
  4 goblins (D:1)
  4 hobgoblins (D:1)
  3 kobolds (D:1)
  2 frilled lizards (D:1)
  5 rats (D:1)
22 creatures vanquished.

Notes
Turn   | Place    | Note
-------+----------+-------------------------------------------
     0 | D:1      | DeadF the Felid Enchanter began the quest for the Orb.
     0 | D:1      | Reached XP level 1. HP: 7/7 MP: 4/4
   299 | D:1      | Reached XP level 2. HP: 9/11 MP: 6/6
   303 | D:1      | Learned a level 2 spell: Ensorcelled Hibernation
   856 | D:1      | Reached skill level 5 in Stealth
  1604 | D:2      | Noticed Natasha
  1610 | D:2      | Killed from afar by Natasha

Illustrated notes

Levels and vault maps discovered:
D:1:      kilobyte_arrival_exit_the_forest, layout_basic
D:2:      layout_basic, grunt_dithmenos_smoke_and_mirrors, uniq_natasha

Skill      XL: |  1  2 |
---------------+-------+-----
Dodging        | 3 |  3.8
Stealth        | 5 |  5.0
Unarmed Combat | |  1.0
Spellcasting   | |  2.0
Hexes          | |  4.4

Action                   || total
-------------------------++-------
Melee: Unarmed           ||    58
       Bite              ||     2
 Cast: Ensorcelled Hiber ||     4
 Stab: Sleeping          ||    12
  Eat: Chunk             ||     8
Dodge: Dodged            ||    32
